 Dungeon Crawl Stone Soup version 0.20.1-1-g8b1a95d (webtiles) character file.

964 renl the Quickloader (level 8, -5/44 HPs)
             Began as a Kobold Hunter on July 15, 2017.
             Was an Initiate of Cheibriados.
             Slain by an orc warrior
             ... wielding a +0 battleaxe
              (15 damage)
             ... on level 6 of the Dungeon.
             The game lasted 00:27:53 (5198 turns).

renl the Quickloader (Kobold Hunter)                Turns: 5198, Time: 00:27:54

Health: -5/44      AC:  6    Str: 14    XL:     8   Next: 38%
Magic:  8/8        EV: 15    Int: 13    God:    Cheibriados [......]
Gold:   255        SH:  0    Dex: 17    Spells: 7/7 levels left

rFire    + . .     SeeInvis .   a - +1 hand crossbow
rCold    . . .     Gourm    .   (shield restricted)
rNeg     . . .     Faith    .   c - +0 leather armour
rPois    +         Spirit   .   p - +1 helmet of Sunlight {rPois rF+ Dex-2 Slay+6}
rElec    .         Reflect  .   h - +0 cloak
rCorr    .         Harm     .   (no gloves)
MR       .....                  (no boots)
Stlth    ++........             (no amulet)
Regen    0.2/turn               j - +4 ring of strength
MPRegen  0.2/turn               o - ring of poison resistance

@: very slow
A: carnivore 3
a: Bend Time, Renounce Religion


You were on level 6 of the Dungeon.
You worshipped Cheibriados.
Cheibriados was noncommittal.
You were full.

You visited 2 branches of the dungeon, and saw 7 of its levels.

You collected 255 gold pieces.

Inventory:

Hand Weapons
 a - a +1 hand crossbow (weapon)
 b - a +2 short sword of freezing
Missiles
 d - 45 bolts (quivered)
Armour
 c - a +0 leather armour (worn)
 h - a +0 cloak (worn)
 p - the +1 helmet of Sunlight (worn) {rPois rF+ Dex-2 Slay+6}
   (You took it off Robin on level 2 of the Dungeon)

   It affects your dexterity (-2).
   It affects your accuracy and damage with ranged weapons and melee attacks
   (+6).
   It protects you from fire.
   It protects you from poison.
Jewellery
 j - a +4 ring of strength (left hand)
 o - a ring of poison resistance (right hand)
Wands
 q - a wand of acid (9/15)
 v - a wand of paralysis (8/24)
Scrolls
 g - 4 scrolls of teleportation {unknown}
 n - a scroll of identify
 r - 5 scrolls of remove curse
 s - a scroll of amnesia {unknown}
Potions
 e - 3 potions of heal wounds
 i - 2 potions of lignification
 k - a potion of cancellation {unknown}
 l - 10 potions of curing
 u - a potion of mutation {unknown}
Books
 t - a book of Cantrips

   Spells                             Type                      Level
   a - Confusing Touch                Hexes                        1
   b - Animate Skeleton               Necromancy                   1
   c - Summon Small Mammal            Summoning                    1
   d - Apportation                    Translocation                1
Comestibles
 f - 6 meat rations
 m - 4 royal jellies


   Skills:
 + Level 2.2 Fighting
 + Level 11.6 Crossbows
 + Level 2.5 Dodging
 - Level 1.3 Stealth


You had 7 spell levels left.
You didn't know any spells.

Dungeon Overview and Level Annotations

Branches:
Dungeon (6/15)             Temple (1/1) D:5

Altars:
Ashenzari
Cheibriados
Dithmenos
Elyvilon
Fedhas
Gozag
Hepliaklqana
Kikubaaqudgha
Makhleb
Nemelex Xobeh
Okawaru
Qazlal
Ru
Sif Muna
Trog
Uskayaw
Vehumet
Xom
Zin
The Shining One

Shops:
D:4 }*   D:6 [


Innate Abilities, Weirdness & Mutations

You are small and have problems with some larger weapons.
You are carnivorous and can eat meat at any time.


Message History

Firing (i - inventory):
d - 48 bolts (quivered)
Press: ? - help, Shift-Dir - straight line, f/p - gnoll
Aim: a gnoll, wielding a spear You shoot a bolt.
The bolt closely misses the orc warrior.
The orc warrior misses you.
Firing (i - inventory):
d - 47 bolts (quivered)
Press: ? - help, Shift-Dir - straight line, f/p - gnoll
Aim: a gnoll, wielding a spear You shoot a bolt.
The bolt barely misses the orc warrior.
Cheibriados thoroughly appreciates the change of pace.
Reactivating autopickup.
You feel a bit more experienced.
Firing (i - inventory):
d - 46 bolts (quivered)
Press: ? - help, Shift-Dir - straight line, f/p - gnoll
Aim: a gnoll, wielding a spear You shoot a bolt.
The bolt hits the orc warrior.
The orc warrior is heavily wounded.
The orc warrior hits you with a battleaxe!
You die...

#######.## ♣ #.# ♣ #.# #.#
###### #.# #....# #.#
####....# #.#
........###############.##
.........†...(go@.....#..#
......###############.#.##
###...# #...# ##### #####


You could see an orc warrior and a gnoll.

Vanquished Creatures
  Menkaure (D:5)
  A phantom (D:5)
  A scorpion (D:4)
  A hound (D:5)
  3 orc priests (D:4)
  A centaur skeleton (D:4)
  4 orc wizards
  Crazy Yiuf (D:2)
  5 worker ants
  A hound zombie (D:5)
  A hound skeleton (D:4)
  Robin (D:2)
  2 howler monkey skeletons (D:4)
  5 adders
  A river rat (D:6)
  2 shadow imps
  An ooze (D:3)
  An adder skeleton (D:6)
  2 worms (D:3)
  4 dart slugs
  6 leopard geckos
  18 orcs
  6 giant cockroaches
  14 goblins
  11 hobgoblins
  12 jackals
  4 quokkas
  2 ball pythons (D:2)
  6 bats
  7 frilled lizards
  11 kobolds
  10 rats
  A plant (D:6)
147 creatures vanquished.

Vanquished Creatures (others)
  2 plants (D:6)
2 creatures vanquished.

Grand Total: 149 creatures vanquished

Notes
Turn   | Place    | Note
-------+----------+-------------------------------------------
     0 | D:1      | renl the Kobold Hunter began the quest for the Orb.
     0 | D:1      | Reached XP level 1. HP: 12/12 MP: 1/1
    63 | D:1      | Reached skill level 5 in Crossbows
    74 | D:1      | Reached XP level 2. HP: 12/17 MP: 2/2
   897 | D:1      | Reached XP level 3. HP: 18/21 MP: 3/3
   935 | D:1      | Reached skill level 6 in Crossbows
  1292 | D:2      | Reached XP level 4. HP: 2/26 MP: 4/4
  1561 | D:2      | Noticed Robin
  1584 | D:2      | Killed Robin
  1585 | D:2      | Reached skill level 7 in Crossbows
  1602 | D:2      | Got a steaming helmet
  1608 | D:2      | Identified the +1 helmet of Sunlight {rPois rF+ Dex-2 Slay+6} (You took it off Robin on level 2 of the Dungeon)
  1735 | D:2      | Found a white marble altar of Elyvilon.
  1802 | D:2      | Reached XP level 5. HP: 29/30 MP: 5/5
  1959 | D:2      | Found a runed door.
  1974 | D:2      | Noticed Crazy Yiuf
  1977 | D:2      | Killed Crazy Yiuf
  2187 | D:3      | Found a sparkling altar of Nemelex Xobeh.
  2325 | D:3      | Reached skill level 8 in Crossbows
  2381 | D:3      | Reached XP level 6. HP: 28/35 MP: 6/6
  2440 | D:3      | Found a deep blue altar of Sif Muna.
  3142 | D:4      | Reached skill level 9 in Crossbows
  3203 | D:4      | Found Biub's Gadget Shoppe.
  3291 | D:4      | Reached XP level 7. HP: 32/40 MP: 7/7
  3613 | D:4      | Reached skill level 10 in Crossbows
  3825 | D:4      | Found a burning altar of Makhleb.
  3826 | D:4      | Noticed a green death
  3923 | D:4      | Found Tuitrek's Assorted Antiques.
  3979 | D:5      | Entered Level 5 of the Dungeon
  3998 | D:5      | Found a staircase to the Ecumenical Temple.
  4021 | Temple   | Entered the Ecumenical Temple
  4316 | Temple   | Became a worshipper of Cheibriados the Contemplative
  4425 | D:5      | Found a stormy altar of Qazlal.
  4490 | D:5      | Found an iron altar of Okawaru.
  4571 | D:5      | Noticed Menkaure
  4576 | D:5      | Killed Menkaure
  4576 | D:5      | Reached XP level 8. HP: 37/44 MP: 8/8
  4581 | D:5      | Reached skill level 11 in Crossbows
  5030 | D:6      | Found Alibaig's Armour Boutique.
  5144 | D:6      | Found a shattered altar of Ashenzari.
  5198 | D:6      | Slain by an orc warrior

Skill      XL: |  1  2  3  4  5  6  7  8 |
---------------+-------------------------+-----
Crossbows      | 5 6 7 8 9 10 11 | 11.6
Fighting       | |  2.2
Dodging        | |  2.5
Stealth        | |  1.3

Action                   |  1- 3 |  4- 6 |  7- 9 || total
-------------------------+-------+-------+-------++-------
Melee: Short sword       |   168 |   144 |   111 ||   423
 Fire: Hand crossbow     |       |    24 |    11 ||    35
  Use: Potion            |       |     1 |       ||     1
       Scroll            |       |     5 |     4 ||     9
 Stab: Sleeping          |     1 |     3 |       ||     4
  Eat: Chunk             |    10 |     6 |     4 ||    20
Armor: Leather armour    |    27 |    47 |    17 ||    91
Dodge: Dodged            |   152 |   141 |    73 ||   366
